Cogmind - Beta 15 @@@ ROGUE MODE // 2025.08.05 @ 11:58:03 Player: Infomantis Result: Escaped! Performance ------------- Evolutions (9) 4500 Regions Visited (22) 4400 Robots Destroyed (355) 1775 Value Destroyed (17313) 17313 Prototype IDs (59) 1180 Alien Tech Used (1) 200 Bonus (17486) 17486 TOTAL SCORE: 46854 Bonus ------- Triggered High Security 1000 High Alert Combat Kills 4375 Follower Combat Kills 4891 Network Hubs Disabled 400 Registered with UFD 300 Met Optimus in HQ 500 Met Imprinter 300 Destroyed Z-Imprinter 1000 Triggered Deep Caves Wall 500 Exposed GOLEM Chamber 500 Built Enhanced Grunts 300 A7 Reached Mainframe 300 Met R17 at Cetus 500 Met R17 at Research 2000 Win 3000 Friendly Fire -2380 Cogmind --------- Core Integrity 1156/1600 Matter 0/300 Energy 1460/1480 System Corruption 15% Temperature Cool (6) Movement Walking (123) Location To Epsilon Eridani Parts ------- > --- POWER (3) -------- Particle Reactor Micro Antimatter Reactor (fused) Light Quantum Reactor > --- PROPULSION (6) --- Enhanced Biometal Leg Enhanced Biometal Leg Assembled Alloy Leg Assembled Alloy Leg Centrium Leg Centrium Leg > --- UTILITY (13) ----- Power Amplifier Advanced Heat Sink Experimental Heat Sink Assembled Nanovents Huge Storage Unit Assembled Biocell Array Experimental Optical Array Advanced Terrain Scan Processor Assembled Combat Suite Experimental Targeting Computer Assembled Alloy Armor GOLEM Unit > --- WEAPON (3) ------- Assembled Focal Cannon Assembled Focal Cannon Hellfire Missile Launcher > --- INVENTORY (25) --- Micro Antimatter Reactor Myomer Leg Biometal Leg Q-thruster Makeshift Microdissipator Network Energy Well (350) Zionite Biocell (600) Matter Compressor (250) Gravity Neutralizer Improved Weapon Cycler Advanced Reaction Control System Zionite Weapon Casing Layered Medium Armor Plating Improved Force Field Advanced Component Analysis Suite Improved Trap Extractor (2/6 Dirty Bomb) Drone Bay (2/2) Long-range Proton Cannon Enhanced Nova Cannon Multirail Hellfire Missile Launcher Advanced Remote Datajack Field Lobotomy Kit (1) Thermal Lance Peak State ------------ > --- POWER ------------ Micro Antimatter Reactor Micro Antimatter Reactor Micro Antimatter Reactor > --- PROPULSION ------- Myomer Leg Biometal Leg Assembled Alloy Leg Assembled Alloy Leg Centrium Leg Centrium Leg > --- UTILITY ---------- Assembled Nanovents Assembled Nanovents Assembled Nanovents Huge Storage Unit Assembled Biocell Array Advanced Signal Interpreter Terrain Scanner Advanced Terrain Scan Processor Assembled Combat Suite Assembled Alloy Armor Improved Force Field GOLEM Unit > --- WEAPON ----------- Enhanced Nova Cannon Sigix Broadsword > --- INVENTORY -------- Micro Antimatter Reactor Myomer Leg Advanced Cryofiber Web Makeshift Microdissipator Network Zionite Biocell Matter Compressor Gravity Neutralizer Improved Weapon Cycler Advanced Reaction Control System Zionite Weapon Casing Layered Medium Armor Plating EM Shield Advanced Component Analysis Suite Improved Trap Extractor Bomb Factory No. 2 Long-range Proton Cannon Enhanced Hardcell Cannon Hellfire Missile Launcher Hellfire Missile Launcher Advanced Remote Datajack Field Lobotomy Kit Thermal Lance [Rating: 214] Favorites ----------- Power Fission Core Engine Cooled Ion Engine Power Core Fission Core Reactor Micro Antimatter Reactor Propulsion Assembled Alloy Leg Treads Light Treads Leg Assembled Alloy Leg Wheel Overtuned Scrapsphere Hover Unit Improved Antigrav System Utility Huge Storage Unit Device GOLEM Unit Storage Huge Storage Unit Processor Advanced Signal Interpreter Hackware Improved Hacking Suite Protection Assembled Alloy Armor Weapon Assembled Focal Cannon Energy Gun Zionite Phaser-S Energy Cannon Assembled Focal Cannon Ballistic Gun Improved Assault Rifle Ballistic Cannon Gauss Cannon Launcher Grenade Launcher Special Weapon Remote Datajack Slashing Weapon Sigix Broadsword Piercing Weapon Thermal Lance Special Melee Weapon Improved Datajack Build | -11 -10 -10 -9 -9 -9 -9 -6 -6 -6 -6 -6 -5 -5 -5 -5 -5 -5 -4 -3 -3 -2 -1 ------- Run | Yrd Mat Min Mat Sto Rec Scr Fac Low Low Zio Dee Pro Fac Ext Cet Arc Hub Fac Res Qua Res Acc Slots Evolved 18 | . . . 2 . . . 6 . . . . . 2 . . . . 2 2 . 2 2 Power 2 | . . . . . . . 1 . . . . . . . . . . 1 . . . . Propulsion 4 | . . . 1 . . . 1 . . . . . . . . . . . 1 . 1 . Utility 11 | . . . 1 . . . 3 . . . . . 2 . . . . 1 1 . 1 2 Weapon 1 | . . . . . . . 1 . . . . . . . . . . . . . . . Parts Attached 278 | 7 11 5 31 5 10 13 29 4 7 6 23 1 5 7 14 6 . 18 16 20 7 33 Power 39 | 1 2 . 3 . 2 1 5 . 1 . 5 . . . 3 . . 3 1 2 1 9 Engine 10 | 1 2 . 3 . 1 1 2 . . . . . . . . . . . . . . . Core 8 | . . . . . . . 3 . 1 . 2 . . . 1 . . 1 . . . . Reactor 21 | . . . . . 1 . . . . . 3 . . . 2 . . 2 1 2 1 9 Propulsion 65 | 2 1 . 12 2 5 3 6 . . 1 4 . 1 3 4 . . 4 . 6 2 9 Treads 26 | 2 1 . 7 2 3 1 1 . . . . . . . 3 . . 2 . 4 . . Leg 25 | . . . 3 . . . . . . . 3 . 1 3 1 . . 2 . 1 2 9 Wheel 11 | . . . 2 . 1 2 5 . . 1 . . . . . . . . . . . . Hover 3 | . . . . . 1 . . . . . 1 . . . . . . . . 1 . . Flight . | . . . . . . . . . . . . . . . . . . . . . . . Utility 103 | 2 3 3 6 2 1 6 13 4 2 3 11 1 4 3 3 4 . 7 7 6 1 11 Device 57 | 1 2 1 4 1 1 2 7 3 1 2 4 1 2 2 . 3 . 3 4 5 . 8 Storage 9 | 1 1 . 1 . . 1 2 . . . 1 . . . 1 . . . 1 . . . Processor 9 | . . . . . . . . 1 1 . . . 1 1 . . . 1 . 1 . 3 Hackware 7 | . . . . . . 1 1 . . . . . 1 . . . . 2 2 . . . Protection 21 | . . 2 1 1 . 2 3 . . 1 6 . . . 2 1 . 1 . . 1 . Artifact . | . . . . . . . . . . . . . . . . . . . . . . . Weapon 71 | 2 5 2 10 1 2 3 5 . 4 2 3 . . 1 4 2 . 4 8 6 3 4 Energy Gun 17 | 2 3 1 5 . 1 . 1 . . . 2 . . . . . . . 1 1 . . Energy Cannon 13 | . . . 1 1 . . 2 . 1 1 . . . 1 1 . . . . 1 3 1 Ballistic Gun 19 | . . . 4 . 1 1 1 . 1 . . . . . 2 1 . 3 4 . . 1 Ballistic Cannon 4 | . . . . . . 1 1 . . . . . . . . . . . 1 . . 1 Launcher 6 | . 1 1 . . . . . . 2 . . . . . . . . . . 2 . . Special Weapon 6 | . 1 . . . . . . . . 1 1 . . . 1 . . 1 . . . 1 Impact Weapon . | . . . . . . . . . . . . . . . . . . . . . . . Slashing Weapon 2 | . . . . . . . . . . . . . . . . . . . . 2 . . Piercing Weapon 2 | . . . . . . 1 . . . . . . . . . . . . 1 . . . Special Melee Weapon 2 | . . . . . . . . . . . . . . . . 1 . . 1 . . . Unidentified Prototypes 35 | . . . 5 1 4 . 1 . . 1 10 . 1 . 2 . . 1 1 3 1 4 Corrupted Parts 4 | . . . 1 . . 1 . . . . . . . . 2 . . . . . . . System Corruption 10 | . . . 1 . . 3 . . . . . . . . 6 . . . . . . . Parts Lost 75 | . 1 2 4 1 . . 8 . 3 . 9 2 3 1 1 . 1 13 1 5 1 19 Power 17 | . 1 . 2 . . . 1 . 1 . 1 1 . . . . . 6 . . 1 3 Propulsion 8 | . . 1 . . . . 1 . . . 2 . . . . . . . . 1 . 3 Utility 34 | . . 1 1 1 . . 3 . . . 4 . 3 1 1 . . 4 1 4 . 10 Weapon 16 | . . . 1 . . . 3 . 2 . 2 1 . . . . 1 3 . . . 3 Highest Loss Streak 8 | . 1 2 2 1 . . 2 . 3 . 5 1 1 1 1 . 1 8 1 3 1 6 To Critical Strikes 1 | . . . . . . . . . . . . . . . . . . . . 1 . . Average Backups 20 | 3 12 14 14 14 15 17 18 23 22 23 22 20 20 22 21 21 22 22 22 21 22 23 Power 1 | . 1 2 2 2 2 1 1 2 2 2 1 1 . 1 1 1 1 . . . . . Propulsion . | . 1 2 2 3 3 2 . . . . . . . . . 1 1 1 1 . . . Utility 12 | . 5 6 5 5 5 8 11 14 14 15 14 14 13 13 13 13 14 14 14 13 14 13 Weapon 4 | 1 2 2 3 3 3 4 5 6 5 5 4 3 3 4 4 4 4 4 4 5 6 6 Tool/Special . | . . . . . . . . . . . . . . . . . . . . . . . Unused Backups 63 | 1 4 . 5 . 3 4 12 1 . . 9 . 1 3 2 1 . 2 2 1 3 9 Power 5 | . 1 . 1 . . 1 . . . . . . . . . . . . 1 . . 1 Propulsion 6 | 1 1 . . . 1 1 . . . . . . . . . . . 1 . . . 1 Utility 40 | . 1 . 1 . 2 1 8 1 . . 9 . 1 1 2 1 . 1 1 1 2 7 Weapon 7 | . 1 . 2 . . 1 1 . . . . . . 1 . . . . . . 1 . Tool/Special 5 | . . . 1 . . . 3 . . . . . . 1 . . . . . . . . Average Slot Usage (%) 84 | . 99 98 94 89 100 76 92 86 83 81 80 89 87 87 82 81 81 76 64 82 87 87 Engine 3 | . 13 14 10 5 10 9 2 6 . . . . . . . . . . . . . . Core 2 | . . . . . . . 9 6 10 13 6 2 . . 3 . . 3 . . . . Reactor 4 | . . . . . . . . . . . 4 6 5 5 5 11 11 9 3 12 11 10 Treads 7 | . 27 26 13 22 23 12 10 . . . . . . . 8 11 11 9 . 3 6 1 Leg 7 | . . . 6 . . . . . . . 7 26 23 23 5 . . . 13 12 13 20 Wheel 7 | . . . 9 11 9 17 12 20 20 20 12 . . . . . . . . . . . Device 14 | . 14 12 17 16 11 6 18 13 13 12 13 13 18 16 12 11 13 14 22 22 23 26 Storage 9 | . 14 14 11 11 11 8 6 6 6 6 7 13 10 11 11 11 11 9 8 9 8 8 Processor 2 | . . . . . . . . 5 6 5 . . . 5 5 5 5 . . 3 4 7 Protection 6 | . . 1 2 1 11 8 7 5 5 3 5 6 5 5 8 9 8 8 4 5 9 5 Energy Gun 2 | . 26 15 8 4 . . 5 3 . . 4 1 . . . . . . 1 1 . . Energy Cannon 7 | . . . 2 6 11 6 5 6 12 10 11 17 17 17 9 5 7 4 . . 1 3 Ballistic Gun 4 | . . . 11 11 10 6 6 2 . . . . . . 6 10 8 8 7 1 . . Peak Build Rating 214 | 7 12 10 22 21 36 28 70 72 72 76 126 131 149 142 148 148 147 163 156 171 191 214 Average Rating 94 | 6 10 9 16 18 21 19 54 69 68 68 87 126 142 137 139 145 142 150 137 160 183 199 On Entrance 84 | . 7 10 9 21 21 23 28 68 71 71 72 124 131 142 142 143 144 146 82 146 170 174 Naked Turns 402 | . . . . . . 402 . . . . . . . . . . . . . . . . Heaviest Build 224 | 15 32 33 37 43 46 216 224 137 141 156 166 173 178 177 173 154 163 163 158 155 185 188 Greatest Support 180 | 40 40 40 40 40 60 63 83 44 44 44 108 108 108 107 160 160 160 160 150 150 113 180 Greatest Overweight (x) 50 | . . 1 3 3 4 6 7 3 8 8 16 2 1 2 2 50 1 1 1 2 2 1 Average Overweight (x) 2 | . . . 1 1 2 2 2 3 7 5 3 1 . 1 . 16 . . . . 1 . Largest Inventory Capacity 35 | 8 15 15 15 15 15 35 35 25 25 25 25 25 25 25 25 25 25 25 25 25 25 25 Average Capacity 22 | 7 13 15 15 15 15 20 20 25 25 25 24 25 24 25 25 25 25 25 25 25 25 25 Most Carried 35 | 6 15 15 15 15 15 35 35 25 25 25 25 25 25 25 25 25 25 25 25 25 25 25 Average Carried 21 | 3 12 14 14 14 14 18 20 25 24 24 24 24 23 24 24 24 25 24 24 23 24 24 Final Capacity 35 | 8 15 15 15 15 15 35 25 25 25 25 25 25 25 25 25 25 25 25 25 25 25 25 Final Carried 35 | 6 15 14 15 15 15 35 25 25 25 25 25 25 25 25 25 25 25 24 25 25 25 24 Class Distribution -------------------- 26% | Scavenger-Mutant 11% | Golem 11% | Scavenger-Tank 10% | Commander-Tank 7% | Mutant 5% | Commander-Golem 4% | Hauler-Mutant 4% | Skirmisher 3% | Scavenger-Assassin 3% | Scavenger-Scrapper 3% | Scavenger-Gunner Dominant Class ---------------- Mutant | -10/Materials Scavenger-Mutant | -10/Mines Scavenger-Mutant | -9/Materials Scavenger-Mutant | -9/Storage Scavenger-Mutant | -9/Recycling Scavenger-Mutant | -9/Scraptown Scavenger-Tank | -6/Factory Skirmisher | -6/Lower Caves Skirmisher | -6/Lower Caves Scavenger-Skirmisher | -6/Zion Scavenger-Tank | -6/Deep Caves Golem | -5/Proximity Caves Golem | -5/Factory Commander-Golem | -5/Extension Commander-Tank | -5/Cetus Commander-Tank | -5/Archives Scavenger-Tank | -5/Hub_04(d) Scavenger-Tank | -4/Factory Scavenger-Golem | -3/Research Scavenger-Mutant | -3/Quarantine Scavenger-Mutant | -2/Research Scavenger-Assassin | -1/Access Resources | -11 -10 -10 -9 -9 -9 -9 -6 -6 -6 -6 -6 -5 -5 -5 -5 -5 -5 -4 -3 -3 -2 -1 ----------- Run | Yrd Mat Min Mat Sto Rec Scr Fac Low Low Zio Dee Pro Fac Ext Cet Arc Hub Fac Res Qua Res Acc Matter Collected 9664 | 270 435 20 609 149 217 260 1168 129 223 235 1153 154 107 153 250 352 272 642 395 718 144 1609 Remotely . | . . . . . . . . . . . . . . . . . . . . . . . Salvage Created 17285 | 198 766 . 1416 439 483 . 1573 89 232 . 845 929 1259 1353 444 299 677 1052 371 891 227 3742 Parts 793 | 16 31 . 93 27 15 . 69 4 14 . 23 38 54 53 27 17 23 45 15 51 7 171 Haulers Intercepted 9 | . 2 . 3 1 . . . . . . . . 2 . . . . . . 1 . . Recyclers Shooed 9 | 1 . . . . 1 . 5 . . . . . . 1 . . 1 . . . . . Parts Field Recycled . | . . . . . . . . . . . . . . . . . . . . . . . Retrieved Matter . | . . . . . . . . . . . . . . . . . . . . . . . Parts Self-Destructed 52 | . . . . . . . . 1 11 4 . 36 . . . . . . . . . . Prevented 3 | . . . . . . . . . . . . 3 . . . . . . . . . . Kills | -11 -10 -10 -9 -9 -9 -9 -6 -6 -6 -6 -6 -5 -5 -5 -5 -5 -5 -4 -3 -3 -2 -1 ------- Run | Yrd Mat Min Mat Sto Rec Scr Fac Low Low Zio Dee Pro Fac Ext Cet Arc Hub Fac Res Qua Res Acc Combat Hostiles Destroyed 302 | . 12 2 29 7 2 . 20 1 11 . 41 17 19 18 5 1 6 20 6 12 2 71 Melee 26 | . . . . . . . . . . . . . . . . . . . . 8 2 16 Guns 75 | . 11 2 24 5 . . 11 . 1 . 2 3 . . 1 1 3 1 6 . . 4 Cannons 99 | . . . 3 2 2 . 6 . 3 . 3 11 19 17 4 . 2 14 . . . 13 AOE 87 | . . . 2 . . . . . 7 . 33 3 . . . . . 5 . 4 . 33 Classes Destroyed 29 | 2 5 1 3 1 . . 4 2 . . 4 2 . 1 . . 1 1 . . . 2 Worker 9 | . . . . 2 . . 2 . . . . . . . . . 2 . . 1 2 . Builder 15 | . 1 . 2 . . . 1 . . . . . 1 . . . 1 2 . 3 . 4 Tunneler 9 | 6 . . . . . . 1 . . . . . . . . . 1 . . . . 1 Hauler 9 | . 2 . 3 1 . . . . . . . . 2 . . . . . . 1 . . Recycler 15 | 1 1 . 1 . 5 . 2 . . . . . . 1 . . 1 . . 2 . 1 Minesweeper 3 | . . . . . . . . 1 . . . 2 . . . . . . . . . . Mechanic 5 | . . . . . . . 1 . . . . . . . . . . . . 1 . 3 Operator 11 | . . . 1 1 . . . . . . . . . . . 6 1 . 2 . . . Watcher 8 | . 2 . 1 1 . . . . . . . . . 1 . . 1 . . 1 . 1 Swarmer 42 | . 1 . 6 . . . 3 . 6 . . 1 5 1 . . . 4 4 5 . 6 Saboteur 3 | . . . . . . . . . . . . . . . . . . 1 . . . 2 Grunt 90 | . 11 . 17 5 . . 5 . 5 . . 9 5 5 . . 2 4 1 2 1 18 Brawler 4 | . . . 1 . . . . . . . . . 1 . . . . 1 . . . 1 Duelist 7 | . . . . . . . . . . . . 2 . . . . . 1 . . . 4 Protector 3 | . . . . . . . . . . . . 1 . 1 . . . . . . . 1 Sentry 30 | . . . 5 2 2 . 2 . 1 . . 1 . 8 . 1 1 2 . . 1 4 Demolisher 2 | . . 2 . . . . . . . . . . . . . . . . . . . . Specialist 3 | . . . . . . . . . . . . . . . . . 2 1 . . . . Hunter 27 | . . . . . . . 3 . . . . 2 3 . . . 1 3 1 2 . 12 Programmer 42 | . . . . . . . 7 . . . . 1 4 2 . . . 3 . 3 . 22 Behemoth 1 | . . . . . . . . . . . . . . 1 . . . . . . . . Cetus Guard 5 | . . . . . . . . . . . . . . . 5 . . . . . . . Investigator 1 | . . . . . . . . . . . . . . . . . . . . . . 1 Executioner 1 | . . . . . . . . . . . . . . . . . . . . . . 1 Scrapoid 2 | . . . . . . . 2 . . . . . . . . . . . . . . . Z-Light 2 | . . . . . . . . . . . 2 . . . . . . . . . . . Assembler 2 | . . . . . . . . . . . 2 . . . . . . . . . . . Assembled 36 | . . . . . . . . . . . 36 . . . . . . . . . . . Golem 4 | . . . . . . . . . . . 3 . 1 . . . . . . . . . Mutant 1 | . . . . . . . . 1 . . . . . . . . . . . . . . Best Kill Streak 37 | 2 4 2 6 3 3 . 5 1 11 . 37 7 5 3 3 5 6 6 2 7 1 17 Combat Bots Only 33 | . 2 2 5 2 1 . 5 1 11 . 33 7 5 3 3 1 2 6 2 4 1 11 Max Kills in Single Turn 10 | 1 1 1 2 1 1 . 2 1 3 . 10 1 1 1 1 1 2 2 1 4 1 5 Gunslinging 1 | . . . 1 . . . . . . . . . . . . . . . . . . . Exploded 10 | . . . 1 . . . . . 3 . 10 1 . . . . . 2 . 2 . 4 Melee 1 | . . . . . . . . . . . . . . . . . . . . 1 1 1 Uniques/NPCs Destroyed 2 | . . . . . . . . . . . 1 . . . 1 . . . . . . . Z-Imprinter (-6/Deep Caves) A7 (-5/Cetus) Combat | -11 -10 -10 -9 -9 -9 -9 -6 -6 -6 -6 -6 -5 -5 -5 -5 -5 -5 -4 -3 -3 -2 -1 -------- Run | Yrd Mat Min Mat Sto Rec Scr Fac Low Low Zio Dee Pro Fac Ext Cet Arc Hub Fac Res Qua Res Acc Hostile Shots Fired 2217 | . 54 10 110 29 4 . 158 9 56 . 108 150 66 99 28 4 73 336 84 151 44 644 Missed 749 | . 16 1 29 8 3 . 56 2 14 . 29 49 22 34 10 . 22 107 35 39 12 261 Hits 1468 | . 38 9 81 21 1 . 102 7 42 . 79 101 44 65 18 4 51 229 49 112 32 383 Melee 21 | . . . . . . . . . . . . 6 . . . . . 6 . . . 9 Projectile 1447 | . 38 9 81 21 1 . 102 7 42 . 79 95 44 65 18 4 51 223 49 112 32 374 AOE 11 | . . 10 . . . . . . . . . . . . . . . . . . . 1 Critical Strikes 62 | . . . . . . . 4 . 2 . . 4 1 3 4 . 1 11 1 7 5 19 Part Disruptions 6 | . . . . . . . . . . . . . 1 . . . 1 . . 2 . 2 Damage Taken 26477 | . 436 345 954 235 223 164 1808 69 820 . 2160 1578 835 1185 401 89 827 4461 837 1667 287 7096 Core 2395 | . 108 10 102 20 35 164 201 11 38 . 225 102 119 173 33 . 46 346 57 133 28 444 Absorbed by Shields 2086 | . . . 44 . . . . . . . . . . 65 49 . . . . 327 300 1301 Redirected to Shielding 216 | . . . . . . . . . . . 216 . . . . . . . . . . . Ignored by Resistances 3812 | . . . . . . . . . . . . 323 169 254 87 19 168 479 171 417 170 1555 Regen/Repaired (Parts) 2748 | . . . . 43 . . 82 . 10 10 123 . 394 . . . . 76 53 403 29 1525 Core Remaining (%) 65 | 100 . 52 . . . 19 . . . . . 32 . . . . 62 69 . 85 98 72 Volleys Fired 821 | 21 57 3 86 31 18 . 74 5 13 4 44 36 33 61 28 19 23 105 22 6 4 128 Largest 3 | 2 2 2 2 2 2 . 3 3 3 1 3 3 3 3 3 3 3 3 3 2 2 3 Hottest 240 | 100 115 100 100 91 91 . 222 195 190 90 235 110 75 75 100 93 135 95 135 120 240 178 Shots Fired 1580 | 42 107 6 168 61 37 . 179 15 25 4 81 82 81 151 63 55 59 137 52 7 8 160 Gun 711 | 42 103 6 155 54 18 . 116 5 4 . 10 16 . . 14 36 31 36 52 2 . 11 Cannon 797 | . . . 11 7 19 . 63 10 14 1 65 61 81 151 47 18 28 90 . 2 8 121 Launcher 55 | . . . 2 . . . . . 7 . 6 5 . . . . . 9 . 3 . 23 Special 17 | . 4 . . . . . . . . 3 . . . . 2 1 . 2 . . . 5 Kinetic 373 | . . . 93 30 18 . 48 5 8 . 2 . . . 14 36 31 36 41 . . 11 Thermal 987 | 42 107 3 39 31 19 . 124 5 6 1 53 61 81 151 37 18 23 90 . 2 8 86 Explosive 55 | . . . 2 . . . . . 7 . 6 5 . . . . . 9 . 3 . 23 Electromagnetic 126 | . . 3 34 . . . 7 5 4 . 10 . . . 10 . 5 . 11 2 . 35 Phasic 26 | . . . . . . . . . . . 10 16 . . . . . . . . . . Robot Hit Streak 27 | 12 11 7 20 23 12 . 17 4 4 2 9 23 13 27 25 12 18 9 7 3 7 22 Robot Miss Streak 7 | 2 4 . 7 3 2 . 2 2 3 1 3 4 2 3 1 2 2 3 4 . . 3 Penetration Max 1 | . . . . . . . 1 . . . . . . . 1 1 1 . . . . 1 Secondary Targets 3 | . 1 . 2 . . . . . . . . . . . . . . . . . . . Max Gunslinging Chain 1 | . 1 . 1 . . . . . . . . . . . . . . . . . . . Capacitor 74 | . . . . . . . . . . . . . . . . . . 74 . . . . Shots Hit Robots 1111 | 27 61 5 118 43 28 . 127 9 11 2 43 44 53 105 51 43 43 85 29 27 19 138 Core Hits 689 | 7 27 3 62 15 7 . 46 4 29 . 86 42 27 35 24 17 22 47 12 19 4 154 Critical Kills 8 | . . . . 1 . . 1 1 . . 1 . . . . 1 2 1 . . . . Critical Parts Destroyed 8 | . . . . 1 . . . . . . . . . . 2 2 . 3 . . . . Critical Strikes 45 | 6 4 . . 3 . . 8 2 . . 1 1 . . 2 4 2 4 . 2 2 4 Burn 18 | 6 4 . . 1 . . 7 . . . . . . . . . . . . . . . Meltdown 3 | . . . . 1 . . . 1 . . 1 . . . . . . . . . . . Destroy 14 | . . . . 1 . . 1 . . . . . . . 2 4 2 4 . . . . Blast 1 | . . . . . . . . 1 . . . . . . . . . . . . . . Sever 7 | . . . . . . . . . . . . . . . . . . . . 1 2 4 Impale 1 | . . . . . . . . . . . . . . . . . . . . 1 . . Intensify 1 | . . . . . . . . . . . . 1 . . . . . . . . . . Melee Attacks 143 | . . . . . . . 3 . . . . . . . . . . . 8 41 18 73 Thermal 28 | . . . . . . . 3 . . . . . . . . . . . 8 2 4 11 Impact . | . . . . . . . . . . . . . . . . . . . . . . . Slashing 110 | . . . . . . . . . . . . . . . . . . . . 34 14 62 Piercing 5 | . . . . . . . . . . . . . . . . . . . . 5 . . Sneak Attacks 17 | . . . . . . . . . . . . . . . . . . . 3 6 3 5 Combat Hostiles 2 | . . . . . . . . . . . . . . . . . . . . . . 2 Follow-up Attacks 7 | . . . . . . . . . . . . . . . . . . . . 3 2 2 Damage Inflicted 54132 | 340 869 82 1922 766 484 . 2820 210 1332 . 3883 2719 2768 4887 1807 1484 2024 4498 1023 3243 1508 15463 Guns 10082 | 340 869 82 1680 660 218 . 1628 25 41 . 264 447 . . 445 752 767 567 669 . . 628 Cannons 21388 | . . . 123 102 266 . 1192 185 145 . 1053 1559 2723 4835 1362 732 943 2764 . . 214 3190 Explosions 14656 | . . . 119 . . . . . 1146 . 2566 713 . . . . 213 941 . 1046 . 7912 Melee 7562 | . . . . . . . . . . . . . . . . . . . 354 2192 1283 3733 Ramming 444 | . . . . 4 . . . . . . . . 45 52 . . 101 226 . 5 11 . Kinetic 5607 | . . . 919 348 218 . 608 57 110 . 31 . . . 445 752 767 567 467 . . 318 Thermal 23737 | 340 869 59 470 414 266 . 1969 128 35 . 857 1559 2723 4835 1281 732 779 2764 354 . 463 2840 Explosive 14403 | . . . 79 . . . . . 1146 . 2566 713 . . . . . 941 . 1046 . 7912 Electromagnetic 2391 | . . 23 454 . . . 243 25 41 . 165 . . . 81 . 377 . 202 . . 780 Impact . | . . . . . . . . . . . . . . . . . . . . . . . Slashing 6739 | . . . . . . . . . . . . . . . . . . . . 2092 1034 3613 Piercing 100 | . . . . . . . . . . . . . . . . . . . . 100 . . Phasic 711 | . . . . . . . . . . . 264 447 . . . . . . . . . . Highest Corruption 15 | . . . 1 1 1 3 5 5 5 5 1 1 1 2 8 8 3 3 2 6 3 15 Average Corruption 3 | . . . 1 1 1 3 2 5 5 5 1 1 1 1 3 7 2 2 1 5 1 9 Corruption Purged 11 | . . . . . . . . . . . . . 1 . . 8 . . 2 . . . Corruption Blocked . | . . . . . . . . . . . . . . . . . . . . . . . Effects 272 | . . . 2 9 7 3 16 24 24 1 13 5 1 21 7 7 3 24 5 11 . 89 Message Errors 75 | . . . 1 4 3 . 2 9 6 1 2 1 1 4 2 . 1 4 . 3 . 31 Matter Fused 65 | . . . . 1 1 3 1 4 6 . 7 3 . 5 1 2 . 6 1 3 . 21 Heat Flow Errors 24 | . . . . 1 . . 4 1 2 . 2 1 . 4 1 1 . 1 . 1 . 5 Energy Discharges 23 | . . . . . . . 3 . 5 . . . . 2 . 1 . 4 . 2 . 6 Parts Rejected 8 | . . . . . . . . 1 . . . . . . . . 1 1 2 . . 3 Parts Fused 5 | . . . . . . . 1 1 . . . . . . . 1 . . . . . 2 Data Loss (minor) 27 | . . . . 2 2 . 2 3 2 . 1 . . 4 2 . . 2 . 2 . 5 Data Loss (major) 18 | . . . . . . . 1 3 . . 1 . . 1 1 . . 5 2 . . 4 Misfires 6 | . . . . . 1 . 1 . 1 . . . . . . 1 . 1 . . . 1 Alerts 8 | . . . 1 . . . . 2 1 . . . . . . . 1 . . . . 3 Misdirections 3 | . . . . . . . . . . . . . . . . . . . . . . 3 Weapon Failures 10 | . . . . 1 . . 1 . 1 . . . . 1 . 1 . . . . . 5 Overload Shots . | . . . . . . . . . . . . . . . . . . . . . . . Overflow Damage 2553 | . . . . 11 . . 51 . 4 . 204 53 68 35 . 111 21 180 134 678 162 841 Projectiles 666 | . . . . 11 . . 51 . . . 107 53 55 20 . 111 7 122 . . 46 83 Explosions 622 | . . . . . . . . . 4 . 97 . . . . . 6 1 . 82 . 432 Melee 1265 | . . . . . . . . . . . . . 13 15 . . 8 57 134 596 116 326 Knockbacks 5 | . . . . . . . . . 1 . . . . . . . . 1 . . . 3 Impact 1 | . . . . . . . . . . . . . . . . . . 1 . . . . Kinetic 3 | . . . . . . . . . 1 . . . . . . . . . . . . 2 Secondary 1 | . . . . . . . . . . . . . . . . . . . . . . 1 Self-Inflicted Damage 665 | . . . 64 . . . . . 66 . . . . . . . 86 . . 47 . 402 Shots 12 | . . . 3 . . . . . 2 . . . . . . . 1 . . 1 . 5 Rammed 13 | . . . . 1 . . 1 . . . . . . . . . 7 4 . . . . Targets Rammed 28 | . . . 1 1 . . 1 . . . . . 3 3 . . 7 9 . 1 2 . Kicked 14 | . . . . . . . . . . . . . 3 3 . . . 5 . 1 2 . Crushed 1 | . . . 1 . . . . . . . . . . . . . . . . . . . Highest Temperature 1079 | 195 189 144 48 115 36 . 280 276 495 48 1079 245 4 202 202 77 7 118 . 235 166 254 Average Temperature 99 | 58 49 75 19 62 24 . 100 132 166 26 166 84 4 96 94 29 4 25 . 126 63 96 Received Heat Transfer 4125 | . 195 . 371 81 114 . 211 . 234 . 252 294 153 308 63 9 231 929 9 21 24 626 Effects 22 | . . . . . . . 2 2 2 . 16 . . . . . . . . . . . Shutdowns 3 | . . . . . . . . . 1 . 2 . . . . . . . . . . . Energy Bleed 6 | . . . . . . . 2 2 . . 2 . . . . . . . . . . . Matter Decay 2 | . . . . . . . . . . . 2 . . . . . . . . . . . Short Circuit 2 | . . . . . . . . . 1 . 1 . . . . . . . . . . . Damage (minor) 3 | . . . . . . . . . . . 3 . . . . . . . . . . . Damage (major) 6 | . . . . . . . . . . . 6 . . . . . . . . . . . Siege Activations . | . . . . . . . . . . . . . . . . . . . . . . . Martial Activations . | . . . . . . . . . . . . . . . . . . . . . . . Shielding Activations . | . . . . . . . . . . . . . . . . . . . . . . . Robots Disrupted . | . . . . . . . . . . . . . . . . . . . . . . . Combat Hostiles . | . . . . . . . . . . . . . . . . . . . . . . . Robots Corrupted 13 | . . . . . . . 2 . . . 3 . . 1 . . 2 1 . . . 4 Combat Hostiles 10 | . . . . . . . 2 . . . 3 . . . . . 1 . . . . 4 Parts Fried 21 | . . . 1 . . . 3 . . . . 1 2 6 1 . 1 3 1 . . 2 Impact Corruptions 6 | . . . . . . . . . . . . . 1 1 . . 1 3 . . . . Robots Melted 9 | 1 2 . . 1 . . 1 1 . . 1 . . 1 . . . . . . . 1 Combat Hostiles 5 | . 1 . . . . . 1 1 . . . . . 1 . . . . . . . 1 Parts Melted 55 | 1 9 . . 1 1 . 22 2 . . 4 1 . 6 1 . 2 . 1 . . 4 Heat Transferred 23614 | 1443 2627 75 904 888 518 . 4704 200 37 . 849 799 1400 2619 725 375 400 1475 360 . 508 2708 Parts Sabotaged . | . . . . . . . . . . . . . . . . . . . . . . . Parts Stolen . | . . . . . . . . . . . . . . . . . . . . . . . Parts Stripped . | . . . . . . . . . . . . . . . . . . . . . . . Power Chain Reactions 1 | . . . 1 . . . . . . . . . . . . . . . . . . . Alert | -11 -10 -10 -9 -9 -9 -9 -6 -6 -6 -6 -6 -5 -5 -5 -5 -5 -5 -4 -3 -3 -2 -1 ------- Run | Yrd Mat Min Mat Sto Rec Scr Fac Low Low Zio Dee Pro Fac Ext Cet Arc Hub Fac Res Qua Res Acc Maximum Alert Level 5 | . . . 2 . . . 1 . . . . . 1 3 2 1 3 5 4 2 1 5 Low Security (%) 61 | 100 100 100 73 100 100 . 63 . . . . . 94 71 . 94 15 . . . 36 39 Level 1 9 | . . . 20 . . . 36 . . . . . 5 1 3 5 6 10 . 48 63 . Level 2 11 | . . . 6 . . . . . . . . . . 15 96 . 70 40 . 51 . 7 Level 3 10 | . . . . . . . . . . . . . . 12 . . 7 28 97 . . 17 Level 4 2 | . . . . . . . . . . . . . . . . . . 11 1 . . 12 Level 5 1 | . . . . . . . . . . . . . . . . . . 3 . . . 8 High Security 2 | . . . . . . . . . . . . . . . . . . 6 . . . 13 Max Security . | . . . . . . . . . . . . . . . . . . . . . . . Peak Influence 3265 | 5 152 50 425 171 82 . 343 . . . . . 239 810 526 242 984 1888 1100 524 248 3265 Initial 1100 | . 3 . 15 171 37 . . . . . . . 4 76 440 162 . 476 1100 423 248 85 Average 322 | 1 52 4 149 134 17 . 126 . . . . . 86 263 458 26 452 848 796 404 205 872 Influence Increases 14485 | 35 462 50 859 255 245 . 735 6 234 . . 479 684 1561 379 268 1334 2052 282 473 75 4017 Destroy 0b10 Robot/C 7200 | . 240 40 580 140 40 . 480 . 220 . . 380 400 680 160 80 360 900 120 240 40 2100 Destroy 0b10 Robot/NC 565 | 35 30 . 40 25 25 . 40 5 . . . 15 15 25 10 30 55 55 10 45 10 95 Destroy Leader 1326 | . 78 10 138 34 . . 152 . 10 . . 40 74 44 . . 114 192 30 34 10 366 Allied During Kill 1817 | . . . . . . . 34 1 4 . . 29 . 618 170 110 258 102 . . . 491 Trap Triggered on 0b10 50 | . . . . . . . . . . . . . 10 . . . . 10 . . . 30 Successful Hack 254 | . 48 . 4 10 30 . 6 . . . . . 52 25 . . . 25 28 12 . 14 Select Force Hacks 240 | . 30 . 30 30 150 . . . . . . . . . . . . . . . . . Disable Machine 945 | . . . . . . . 15 . . . . . 45 105 15 30 210 300 60 30 . 135 Destroy Structure 1533 | . 6 . 22 1 . . 8 . . . . . 58 64 24 18 322 438 4 52 15 501 Lose Combat Pursuer 555 | . 30 . 45 15 . . . . . . . 15 30 . . . 15 30 30 60 . 285 Influence Decreases 11372 | 30 467 10 492 564 343 . 425 316 234 . . 471 536 930 759 675 360 1218 1490 783 374 895 Entered New Map 3054 | . 2 . 25 236 61 . . 115 . . . . 4 80 347 245 . 498 860 329 194 58 Time Decay 6578 | 30 455 10 437 318 282 . 295 201 204 . . 411 472 600 222 310 170 550 470 404 170 567 Lost Part 610 | . 10 . 30 10 . . 70 . 30 . . 20 20 10 10 . 10 130 10 50 10 190 Lost Ally 980 | . . . . . . . 60 . . . . 40 40 240 180 120 180 40 . . . 80 Purge Threat 150 | . . . . . . . . . . . . . . . . . . . 150 . . . Squads Dispatched 107 | . 4 . 4 3 . . 13 . 1 . . 1 10 1 . . 12 18 3 2 2 33 Investigation 25 | . 3 . 2 2 . . 4 . 1 . . . 4 . . . 2 4 2 . . 1 Extermination 19 | . . . . . . . 6 . . . . . 2 . . . . 3 . 1 1 6 Reinforcement 21 | . 1 . 2 1 . . 3 . . . . . 1 . . . 4 4 1 . 1 3 Assault 29 | . . . . . . . . . . . . 1 . 1 . . 1 7 . 1 . 18 Garrison 13 | . . . . . . . . . . . . . 3 . . . 5 . . . . 5 Intercept . | . . . . . . . . . . . . . . . . . . . . . . . Searches Triggered . | . . . . . . . . . . . . . . . . . . . . . . . Construction Impeded 5 | . . . . . . . . . . . . . . . . . 2 2 . . . 1 Haulers Reinforced 6 | . . . . . . . 2 . . . . . 1 . . . . 1 . . 1 1 Active Scanning Responses . | . . . . . . . . . . . . . . . . . . . . . . . Cargo Convoy Interrupts 1 | . . . . . . . . . . . . . 1 . . . . . . . . . Stealth | -11 -10 -10 -9 -9 -9 -9 -6 -6 -6 -6 -6 -5 -5 -5 -5 -5 -5 -4 -3 -3 -2 -1 --------- Run | Yrd Mat Min Mat Sto Rec Scr Fac Low Low Zio Dee Pro Fac Ext Cet Arc Hub Fac Res Qua Res Acc Distress Signals 32 | . 2 . 5 1 . . 1 . . . . . . . 2 . 5 2 4 3 . 7 Communications Jammed 140 | . . . . . . . . . . . . . . 140 . . . . . . . . Distress Signals 140 | . . . . . . . . . . . . . . 140 . . . . . . . . Times Spotted 544 | . 23 2 41 18 4 . 30 5 11 . 54 21 20 38 10 16 17 43 23 22 10 136 Peak Tracking Total 36 | . 3 2 8 4 2 . 4 4 9 . 36 7 5 6 5 2 5 9 5 7 7 12 Tactical Retreats 28 | . 1 . 1 1 . . . . . . 1 1 2 . . . 1 2 1 2 . 15 Traps | -11 -10 -10 -9 -9 -9 -9 -6 -6 -6 -6 -6 -5 -5 -5 -5 -5 -5 -4 -3 -3 -2 -1 ------- Run | Yrd Mat Min Mat Sto Rec Scr Fac Low Low Zio Dee Pro Fac Ext Cet Arc Hub Fac Res Qua Res Acc Traps Triggered 19 | . 3 . 1 1 . 1 2 . . . . . 2 3 . . 1 . . 1 . 4 Indirectly . | . . . . . . . . . . . . . . . . . . . . . . . Trap Hack Attempts . | . . . . . . . . . . . . . . . . . . . . . . . Triggered . | . . . . . . . . . . . . . . . . . . . . . . . Disarmed . | . . . . . . . . . . . . . . . . . . . . . . . Reprogrammed . | . . . . . . . . . . . . . . . . . . . . . . . Reused 13 | . . . . . . . . . . . 8 . 1 . . . . 1 . . . 3 Traps Extracted . | . . . . . . . . . . . . . . . . . . . . . . . Installed 16 | . . . . . . 1 . . . . 10 . 1 . . . . 1 . . . 3 Triggered 5 | . . . . . . . . . . . . . 1 . . . . 1 . . . 3 Fabricated Traps 12 | . . . . . . . . . . . 10 . . . . 1 . . . . 1 . Most Traps Carried 6 | . . . . . . 1 . 6 6 6 6 6 6 5 5 6 6 6 5 5 6 6 Machines | -11 -10 -10 -9 -9 -9 -9 -6 -6 -6 -6 -6 -5 -5 -5 -5 -5 -5 -4 -3 -3 -2 -1 ---------- Run | Yrd Mat Min Mat Sto Rec Scr Fac Low Low Zio Dee Pro Fac Ext Cet Arc Hub Fac Res Qua Res Acc Machines Disabled 68 | . . . . . . . 1 1 3 . 1 . 3 7 1 2 14 20 4 2 . 9 Max in Single Turn 8 | . . . . . . . 1 1 2 . 1 . 1 1 1 1 8 1 1 1 . 2 Garrison Access 3 | . . . . . . . . . . . . . . . . . . 1 . . . 2 Network Hub 2 | . . . . . . . . . . . . . . . . . 2 . . . . . Machines Repaired . | . . . . . . . . . . . . . . . . . . . . . . . Machines Dismantled . | . . . . . . . . . . . . . . . . . . . . . . . Machines Sabotaged . | . . . . . . . . . . . . . . . . . . . . . . . Overloaded Fab Kills . | . . . . . . . . . . . . . . . . . . . . . . . Hacking | -11 -10 -10 -9 -9 -9 -9 -6 -6 -6 -6 -6 -5 -5 -5 -5 -5 -5 -4 -3 -3 -2 -1 --------- Run | Yrd Mat Min Mat Sto Rec Scr Fac Low Low Zio Dee Pro Fac Ext Cet Arc Hub Fac Res Qua Res Acc Machines Accessed 87 | . 8 . 4 5 12 3 6 3 2 . . . 10 11 . . 4 7 2 4 . 6 Terminals 47 | . 6 . 2 3 6 . 1 . 1 . . . 3 11 . . 4 1 2 4 . 3 Fabricators 1 | . . . . . . . . . . . . . 1 . . . . . . . . . Repair Stations 5 | . 1 . . 1 . . 1 . . . . . 1 . . . . 1 . . . . Recycling Units 22 | . 1 . 1 1 6 . 4 . . . . . 4 . . . . 4 . . . 1 Scanalyzers 2 | . . . 1 . . . . . . . . . 1 . . . . . . . . . Garrison Access 3 | . . . . . . . . . . . . . . . . . . 1 . . . 2 Total Hacks 221 | . 20 . 6 13 32 25 10 5 4 . . . 26 22 . . 6 18 9 10 . 15 Successful 132 | . 13 . 5 7 20 25 8 5 4 . . . 17 6 . . 3 12 4 1 . 2 Failed 89 | . 7 . 1 6 12 . 2 . . . . . 9 16 . . 3 6 5 9 . 13 Catastrophic 17 | . . . . . . . . . . . . . 2 4 . . 1 . . 3 . 7 Database Lockouts . | . . . . . . . . . . . . . . . . . . . . . . . Manual 114 | . 14 . 3 11 22 . 8 . . 4 . . 14 3 1 . 6 12 3 2 . 11 Terminals 128 | . 16 . 3 10 24 . 2 . 3 . . . 6 22 . . 6 9 9 10 . 8 Fabricators 7 | . . . . . . . . . . . . . 7 . . . . . . . . . Repair Stations 15 | . 3 . . 2 . . 2 . . . . . 4 . . . . 4 . . . . Recycling Units 31 | . 1 . 1 1 8 . 6 . . . . . 7 . . . . 4 . . . 3 Scanalyzers 4 | . . . 2 . . . . . . . . . 2 . . . . . . . . . Garrison Access 5 | . . . . . . . . . . . . . . . . . . 1 . . . 4 Terminal Hacks 64 | . 5 . 1 3 6 25 1 5 4 . . . 1 6 . . 1 3 2 1 . . Record 23 | . . . . . . 17 . 3 3 . . . . . . . . . . . . . Part Schematic 3 | . 2 . . 1 . . . . . . . . . . . . . . . . . . Robot Schematic 1 | . . . . . 1 . . . . . . . . . . . . . . . . . Robot Analysis 9 | . . . . 1 1 7 . . . . . . . . . . . . . . . . Prototype ID Bank 1 | . . . . . 1 . . . . . . . . . . . . . . . . . Open Door 7 | . . . . . . . . 2 1 . . . . 4 . . . . . . . . Level Access Points 1 | . . . . 1 . . . . . . . . . . . . . . . . . . Branch Access Points 3 | . 1 . . . . . . . . . . . 1 . . . . 1 . . . . Terminal Index 1 | . . . . . 1 . . . . . . . . . . . . . . . . . Recycling Unit Index 1 | . . . . . . . 1 . . . . . . . . . . . . . . . Alert Level 1 | . . . . . . . . . . . . . . . . . . 1 . . . . Unreport Threat 1 | . . . . . . . . . . . . . . . . . . . 1 . . . Locate Traps 2 | . 1 . . . . . . . . . . . . 1 . . . . . . . . Maintenance Status 4 | . . . . . 1 . . . . . . . . . . . . 1 1 1 . . Registered Components 1 | . 1 . . . . . . . . . . . . . . . . . . . . . Zone Layout 4 | . . . 1 . 1 . . . . . . . . 1 . . 1 . . . . . Proto ID Catalog 1 | . . . . . . 1 . . . . . . . . . . . . . . . . Fabricator Hacks 2 | . . . . . . . . . . . . . 2 . . . . . . . . . Network Status 1 | . . . . . . . . . . . . . 1 . . . . . . . . . Build 1 | . . . . . . . . . . . . . 1 . . . . . . . . . Repair Station Hacks 11 | . 1 . . 2 . . 2 . . . . . 4 . . . . 2 . . . . Scan Component 6 | . 1 . . 1 . . 1 . . . . . 2 . . . . 1 . . . . Repair 5 | . . . . 1 . . 1 . . . . . 2 . . . . 1 . . . . Recycling Unit Hacks . | . . . . . . . . . . . . . . . . . . . . . . . Scanalyzer 3 | . . . 2 . . . . . . . . . 1 . . . . . . . . . Insert Component 2 | . . . 1 . . . . . . . . . 1 . . . . . . . . . Analyze 1 | . . . 1 . . . . . . . . . . . . . . . . . . . Garrison Access Hacks 2 | . . . . . . . . . . . . . . . . . . 1 . . . 1 Seal Access 2 | . . . . . . . . . . . . . . . . . . 1 . . . 1 Unauthorized Hacks 50 | . 7 . 2 2 14 . 5 . . . . . 9 . . . 2 6 2 . . 1 Terminals 24 | . 6 . 1 1 7 . 1 . . . . . 1 . . . 2 2 2 . . 1 Botnet 10 | . 1 . 1 1 2 . 1 . . . . . 1 . . . . 1 1 . . 1 Operators 2 | . . . . . . . . . . . . . . . . . . 1 1 . . . Skim 10 | . 5 . . . 5 . . . . . . . . . . . . . . . . . Sabotage 2 | . . . . . . . . . . . . . . . . . 2 . . . . . Fabricators 4 | . . . . . . . . . . . . . 4 . . . . . . . . . Report 1 | . . . . . . . . . . . . . 1 . . . . . . . . . Prioritize 1 | . . . . . . . . . . . . . 1 . . . . . . . . . Liberate 1 | . . . . . . . . . . . . . 1 . . . . . . . . . Haulers 1 | . . . . . . . . . . . . . 1 . . . . . . . . . Repair Stations . | . . . . . . . . . . . . . . . . . . . . . . . Recycling Units 22 | . 1 . 1 1 7 . 4 . . . . . 4 . . . . 4 . . . . Reject 2 | . . . . . 2 . . . . . . . . . . . . . . . . . Tunnel 8 | . 1 . 1 1 5 . . . . . . . . . . . . . . . . . Fedlink 8 | . . . . . . . 3 . . . . . 4 . . . . 1 . . . . Scrapoids 1 | . . . . . . . 1 . . . . . . . . . . . . . . . Scraphulk 3 | . . . . . . . . . . . . . . . . . . 3 . . . . Scanalyzers . | . . . . . . . . . . . . . . . . . . . . . . . Garrison Access . | . . . . . . . . . . . . . . . . . . . . . . . Data Cores Recovered . | . . . . . . . . . . . . . . . . . . . . . . . Used . | . . . . . . . . . . . . . . . . . . . . . . . Hacking Detections 53 | . 5 . 3 4 5 . 3 . 1 . . . 6 11 . . 3 1 2 4 . 5 Full Trace Events 3 | . 1 . . . . . . . 1 . . . . . . . . . . . . 1 Feedback Events . | . . . . . . . . . . . . . . . . . . . . . . . Feedback Blocked . | . . . . . . . . . . . . . . . . . . . . . . . Robot Schematics Acquired 4 | . . . . . 1 . . . . 3 . . . . . . . . . . . . Robots Built . | . . . . . . . . . . . . . . . . . . . . . . . Authchips . | . . . . . . . . . . . . . . . . . . . . . . . Time . | . . . . . . . . . . . . . . . . . . . . . . . Total Robot Build Rating . | . . . . . . . . . . . . . . . . . . . . . . . Part Schematics Acquired 19 | . 2 . 1 1 . . . . . 15 . . . . . . . . . . . . Parts Built 2 | . . . . . . . . . . . . . 2 . . . . . . . . . Authchips . | . . . . . . . . . . . . . . . . . . . . . . . Time 128 | . . . . . . . . . . . . . 128 . . . . . . . . . Total Part Build Rating 16 | . . . . . . . . . . . . . 16 . . . . . . . . . Parts Repaired 5 | . . . . 1 . . 1 . . . . . 2 . . . . 1 . . . . Time 215 | . . . . 51 . . 44 . . . . . 76 . . . . 44 . . . . Parts Recycled . | . . . . . . . . . . . . . . . . . . . . . . . Recycled Matter . | . . . . . . . . . . . . . . . . . . . . . . . Retrieved Matter . | . . . . . . . . . . . . . . . . . . . . . . . Retrieved Components . | . . . . . . . . . . . . . . . . . . . . . . . Parts Scanalyzed 2 | . . . 1 . . . . . . . . . 1 . . . . . . . . . Part Schematics Acquired 1 | . . . 1 . . . . . . . . . . . . . . . . . . . Parts Damaged . | . . . . . . . . . . . . . . . . . . . . . . . Bothacking | -11 -10 -10 -9 -9 -9 -9 -6 -6 -6 -6 -6 -5 -5 -5 -5 -5 -5 -4 -3 -3 -2 -1 ------------ Run | Yrd Mat Min Mat Sto Rec Scr Fac Low Low Zio Dee Pro Fac Ext Cet Arc Hub Fac Res Qua Res Acc Used RIF Installer . | . . . . . . . . . . . . . . . . . . . . . . . Robots Hacked 7 | . . . . . . . . . . 2 . . . . 2 1 . 2 . . . . Non-combat 1 | . . . . . . . . . . . . . . . . . . 1 . . . . Combat 6 | . . . . . . . . . . 2 . . . . 2 1 . 1 . . . . Robot Hacks Applied 7 | . . . . . . . . . . 2 . . . . 2 1 . 2 . . . . parse_system 6 | . . . . . . . . . . 2 . . . . 2 1 . 1 . . . . find_chute 1 | . . . . . . . . . . . . . . . . . . 1 . . . . Relay Couplers Released . | . . . . . . . . . . . . . . . . . . . . . . . Fabnet Peak Effective % . | . . . . . . . . . . . . . . . . . . . . . . . Robots Rewired 24 | . . . . . . . . 3 . . . 2 . 19 . . . . . . . . Allies Hacked 4 | . . . . . . . . . . . . 2 . . . . . 1 . . . 1 Hacks Repelled . | . . . . . . . . . . . . . . . . . . . . . . . Allies | -11 -10 -10 -9 -9 -9 -9 -6 -6 -6 -6 -6 -5 -5 -5 -5 -5 -5 -4 -3 -3 -2 -1 -------- Run | Yrd Mat Min Mat Sto Rec Scr Fac Low Low Zio Dee Pro Fac Ext Cet Arc Hub Fac Res Qua Res Acc Total Allies 64 | . . . . . . . 5 3 . 5 . 2 2 35 5 . . 3 . . . 4 Largest Group 20 | . . . . . . . 5 3 1 5 5 2 2 20 20 14 9 2 . . . 2 Highest-Rated Group 863 | . . . . . . . 140 87 29 99 99 58 98 670 863 697 581 246 . . . 438 Highest-Rated Ally 219 | . . . . . . . 28 29 29 31 31 29 49 159 159 96 96 123 . . . 219 Total Orders 6 | . . . . . . . . . . . . . . . 3 2 . . . . . 1 STAY 3 | . . . . . . . . . . . . . . . 1 1 . . . . . 1 FOLLOW 3 | . . . . . . . . . . . . . . . 2 1 . . . . . . Ally Attacks 663 | . . . . . . . 48 4 2 . 104 32 12 145 53 18 68 90 . . . 87 Total Damage 24301 | . . . . . . . 773 74 . . 1551 454 354 3012 1388 558 2666 4632 . . . 8839 Kills 151 | . . . . . . . 5 . . . 19 3 2 21 5 3 16 35 . . . 42 Allies Corrupted 2 | . . . . . . . . . . . . 1 . . . . 1 . . . . . Allies Melted . | . . . . . . . . . . . . . . . . . . . . . . . Field Lobotomies 4 | . . . . . . . . . . . . . . . . . . . . . . 4 Intel | -11 -10 -10 -9 -9 -9 -9 -6 -6 -6 -6 -6 -5 -5 -5 -5 -5 -5 -4 -3 -3 -2 -1 ------- Run | Yrd Mat Min Mat Sto Rec Scr Fac Low Low Zio Dee Pro Fac Ext Cet Arc Hub Fac Res Qua Res Acc Active Infowar (turns) 15322 | 122 832 248 545 349 . 712 1733 646 871 1089 . 804 . 1580 . 3 262 861 570 968 345 2782 Optics 187 | . . . . . . . . . . . . . . . . . . . . . . 187 Sensors 5443 | . . . . . . . . 646 869 1089 . . . . . . . . . 968 345 1526 IFF 1009 | . . . . . . . . . . . . 804 . 18 . . 187 . . . . . Terrain 2322 | . . . . . . 2 . . . . . . . . . . . . . . . 2320 Structural 2409 | . . . . . . . 737 2 2 . . . . . . 3 119 861 570 115 . . Seismic 4134 | 122 832 248 545 349 . 710 1328 . . . . . . . . . . . . . . . Decoding 10 | . . . . . . . . . 10 . . . . . . . . . . . . . Jamming 1562 | . . . . . . . . . . . . . . 1562 . . . . . . . . Robot Analysis Total 9 | . . . . 1 1 7 . . . . . . . . . . . . . . . . Derelict Logs Recovered 9 | . . 1 . . . 4 . . 2 1 . 1 . . . . . . . . . . Drone Launches . | . . . . . . . . . . . . . . . . . . . . . . . Drone Recoveries . | . . . . . . . . . . . . . . . . . . . . . . . Exploration | -11 -10 -10 -9 -9 -9 -9 -6 -6 -6 -6 -6 -5 -5 -5 -5 -5 -5 -4 -3 -3 -2 -1 ------------- Run | Yrd Mat Min Mat Sto Rec Scr Fac Low Low Zio Dee Pro Fac Ext Cet Arc Hub Fac Res Qua Res Acc Turns Passed 35888 | 316 1590 291 1131 714 1324 4296 1733 704 951 2361 4237 1499 1451 1939 470 3444 368 1704 1181 973 345 2866 Spaces Moved 18445 | 145 631 166 505 312 714 3526 1004 567 609 1690 2630 400 596 775 180 345 159 885 588 446 134 1438 Core 1212 | 5 . . . . . 1092 . . . . . . . . . 115 . . . . . . Treads 3264 | 140 631 166 117 238 305 143 141 . . . . . . . 152 230 159 842 . . . . Legs 4966 | . . . 2 . . . . . . . 516 400 596 775 28 . . 43 588 446 134 1438 Wheels 9003 | . . . 386 74 409 2291 863 567 609 1690 2114 . . . . . . . . . . . Hover . | . . . . . . . . . . . . . . . . . . . . . . . Flight . | . . . . . . . . . . . . . . . . . . . . . . . Fastest Speed 50 | 50 160 160 115 125 130 50 91 113 113 102 102 189 130 180 160 160 160 130 130 146 176 123 Average Speed 159 | 156 160 165 143 186 170 119 131 113 146 132 134 192 191 184 165 956 162 160 153 162 179 141 Slowest Speed 2550 | 160 160 240 330 240 240 190 320 113 150 150 240 275 195 242 240 2550 240 250 215 210 210 187 Overloaded Moves . | . . . . . . . . . . . . . . . . . . . . . . . Propulsion Burnouts . | . . . . . . . . . . . . . . . . . . . . . . . Robots Hopped 1 | . . . . . . . . . . . . . . . . . 1 . . . . . Potential Cave-ins . | . . . . . . . . . . . . . . . . . . . . . . . Cave-ins Triggered . | . . . . . . . . . . . . . . . . . . . . . . . Exploration Rate (%) 52 | 6 79 39 36 30 100 95 17 67 79 86 89 62 15 84 66 86 32 24 20 48 3 36 Regions Visited 22 Branch Regions 14 Pre-discovered Areas 17 | . 1 1 1 1 6 4 1 . 1 1 . . . . . . . . . . . . Known Exits Taken 12 | . 1 1 1 . 1 . 1 1 1 . . 1 1 . . . . 1 . 1 1 . Unknown Exits Taken 10 | 1 . . . 1 . 1 . . . 1 1 . . 1 1 1 1 . 1 . . . Scrap Searched 15 | . . 1 . . . 4 . 1 2 4 . 3 . . . . . . . . . . Spaces Dug 61 | . 4 . 8 . . . 3 . 12 . . 1 1 . . . 1 4 1 2 5 19 Terrain Destroyed 738 | . 4 . 19 . . . 4 3 32 . 9 53 27 25 6 11 298 57 2 30 5 153 Melee 15 | . . . . . . . 3 . . . . . . . . . . . 1 2 1 8 Projectile 185 | . 4 . . . . . 1 3 4 . 9 29 17 25 6 11 11 33 1 . 4 27 AOE 538 | . . . 19 . . . . . 28 . . 24 10 . . . 287 24 . 28 . 118 Terrain Rammed . | . . . . . . . . . . . . . . . . . . . . . . . Walls Destroyed . | . . . . . . . . . . . . . . . . . . . . . . . Machines Disabled . | . . . . . . . . . . . . . . . . . . . . . . . Actions | -11 -10 -10 -9 -9 -9 -9 -6 -6 -6 -6 -6 -5 -5 -5 -5 -5 -5 -4 -3 -3 -2 -1 --------- Run | Yrd Mat Min Mat Sto Rec Scr Fac Low Low Zio Dee Pro Fac Ext Cet Arc Hub Fac Res Qua Res Acc Total 23368 | 190 1094 176 756 385 785 3628 1266 619 643 1812 3274 1062 842 1170 302 450 208 1109 817 611 203 1966 Wait 2475 | 10 356 1 80 31 18 . 57 9 2 93 429 603 156 112 56 54 6 34 119 48 16 185 Move 18422 | 144 630 165 504 311 713 3525 1003 566 608 1689 2629 399 595 774 179 344 156 885 587 445 134 1437 Hop 1 | . . . . . . . . . . . . . . . . . 1 . . . . . Pick Up 255 | 7 13 1 11 1 3 49 24 2 3 4 46 1 25 7 4 2 . 7 12 11 8 14 Fast Attach 232 | 7 11 . 26 2 9 13 16 2 4 4 23 . 6 6 10 7 2 16 14 17 6 31 Attach 94 | . . 1 1 1 . 8 13 . 2 2 14 1 2 . 2 3 . 9 9 8 5 13 Detach 54 | . 2 . 1 . 2 6 4 . . . 7 1 . . 1 2 . 3 9 5 1 10 Swap 210 | . 13 4 12 3 6 1 28 6 6 4 17 6 2 6 5 5 12 16 11 11 1 35 Drop 417 | 1 12 1 34 4 16 24 43 5 5 12 55 10 14 21 17 14 1 25 26 22 12 43 Fire 821 | 21 57 3 86 31 18 . 74 5 13 4 44 36 33 61 28 19 23 105 22 6 4 128 Melee 130 | . . . . . . . 3 . . . . . . . . . . . 8 37 15 67 Ram 1 | . . . . . . . 1 . . . . . . . . . . . . . . . Kick 12 | . . . . . . . . . . . . . 3 3 . . . 4 . 1 1 . Crush 13 | . . . 1 1 . . . . . . . . . . . . 7 4 . . . . Escape Stasis 10 | . . . . . . . . . . . . . 5 5 . . . . . . . . Rewire 204 | . . . . . . . . 24 . . . 5 . 175 . . . . . . . . Trap 17 | . . . . . . 2 . . . . 10 . 1 . . . . 1 . . . 3 Miscellaneous . | . . . . . . . . . . . . . . . . . . . . . . . Route ------- -11/Scrapyard -10/Materials (discovered 5 exits: *Mat x3 / *Min / Sub) -10/Mines (discovered 4 exits: *Mat x2 / *Exi / Sub) -9/Materials (discovered 4 exits: Mat x2 / *Min / *Sto) -9/Storage (discovered 2 exits: Mat / *Rec) -9/Recycling (discovered 2 exits: *Fac / *Scr) -9/Scraptown (discovered 2 exits: *Fac x2) -6/Factory (discovered 2 exits: *Low x2) -6/Lower Caves -6/Lower Caves (discovered 2 exits: *Fac / *Zio) -6/Zion (discovered 2 exits: [*Dee] / [*Pro]) -6/Deep Caves -5/Proximity Caves -5/Factory (discovered 5 exits: *Fac / Upp x2 / *Ext x2) -5/Extension (discovered 2 exits: *Fac / *Cet) -5/Cetus (discovered 2 exits: *Fac / [*Arc]) -5/Archives (discovered 2 exits: *Fac / *Hub) -5/Hub_04(d) -4/Factory (discovered 7 exits: *Res x4 / *Upp x2 / Arm) -3/Research (discovered 3 exits: *Res x2 / *Qua) -3/Quarantine -2/Research -1/Access To Epsilon Eridani History --------- Turn | Location | Event 9 | -11/Scrapyard | Discovered new exit (range 15) 317 | -11/Scrapyard | Entered Materials 318 | -10/Materials | Build established: Mutant 465 | -10/Materials | Discovered new exit (range 12) 730 | -10/Materials | Discovered new exit (range 16) 917 | -10/Materials | Derelicts attacked the area 1107 | -10/Materials | Discovered new exit (range 8) 1225 | -10/Materials | Identified exit to Mines 1334 | -10/Materials | Loaded intel: 1 repair station location 1397 | -10/Materials | Learned location of 1 exit from Storage 1439 | -10/Materials | Build established: Scavenger-Mutant 1495 | -10/Materials | Identified exit to Materials 1495 | -10/Materials | Identified exit to Subcaves 1495 | -10/Materials | Learned location of 1 exit from Materials 1527 | -10/Materials | Learned location of 2 exits from Mines 1565 | -10/Materials | Learned location of 3 exits from Materials 1630 | -10/Materials | Learned 4 Subcaves zone layouts 1680 | -10/Materials | Loaded intel: 8 terminal locations 1907 | -10/Materials | Entered Mines 1909 | -10/Mines | Met a Derelict bent on vengeance 1909 | -10/Mines | Identified exit to Exiles 1940 | -10/Mines | Deemed a non-threat by the Exiles lab entrance 2110 | -10/Mines | Learned location of Recycling (-9) 2154 | -10/Mines | Assembled infested the area 2198 | -10/Mines | Entered Materials 2198 | -9/Materials | Evolved 2 slots: Propulsion x1, Utility x1 2199 | -9/Materials | Identified exit to Materials 2199 | -9/Materials | Identified exit to Storage 2199 | -9/Materials | Identified exit to Mines 3329 | -9/Materials | Entered Storage 3592 | -9/Storage | Repaired Cld. Ion Engine? 3610 | -9/Storage | Met 01-MTF 3977 | -9/Storage | Used back door to open Recycling access 3977 | -9/Storage | Discovered new exit (range 5) 4043 | -9/Storage | Entered Recycling 4043 | -9/Recycling | Accompanied by 1 ally (01-MTF) 4501 | -9/Recycling | Learned Materials emergency access door positions 4503 | -9/Recycling | Scanned before Scraplab entrance 4552 | -9/Recycling | Learned Storage emergency access door positions 4594 | -9/Recycling | Identified exit to Scraptown 4628 | -9/Recycling | Learned location of Zion (-6) 4654 | -9/Recycling | Learned Storage stockpile data 4671 | -9/Recycling | Learned Materials trap positions 4734 | -9/Recycling | Identified exit to Factory 5195 | -9/Recycling | Found Prototype Energy Gun 5195 | -9/Recycling | Identified KN-7UR's Autopenetrator 5354 | -9/Recycling | Entered Scraplab 5367 | -9/Recycling | Entered Scraptown 5367 | -9/Scraptown | System corruption cleaned by C-Scrubber 5798 | -9/Scraptown | Scanned Subdweller tech in exchange for log data 5800 | -9/Scraptown | Learned Research trap positions 5802 | -9/Scraptown | Learned Factory terminal intel 5803 | -9/Scraptown | Learned Research non-interactive machine intel 5821 | -9/Scraptown | Discovered new exit (range 7) 5973 | -9/Scraptown | Visited UFD Registry 5973 | -9/Scraptown | Registered with UFD as "Powerrigger" 6015 | -9/Scraptown | Visited Junk Repository 6045 | -9/Scraptown | Visited Spacefarers 6107 | -9/Scraptown | Heard Great Nut preacher, LISTEN AND RECITE! 6115 | -9/Scraptown | Visited Cyclists 6128 | -9/Scraptown | Entered Cyclist Reading Room 6368 | -9/Scraptown | Visited TADAMA 6394 | -9/Scraptown | Visited Red Mages 6472 | -9/Scraptown | Visited SPCMW 6563 | -9/Scraptown | Visited Cartography Club 6586 | -9/Scraptown | Visited LU-1G1's Boring Crew 6640 | -9/Scraptown | Visited Scrapoid Research Area 6679 | -9/Scraptown | Visited Science Guys 6714 | -9/Scraptown | Visited Derelict Rescue Squad 6744 | -9/Scraptown | Visited Research Penetration Think Tank 6771 | -9/Scraptown | Visited Analyses Database 6833 | -9/Scraptown | Visited Curators Association 6874 | -9/Scraptown | Visited Supply Room 7185 | -9/Scraptown | Released all parts (9) 7208 | -9/Scraptown | Learned location of Storage (-9) 7208 | -9/Scraptown | Learned location of Proximity Caves (-5) 7208 | -9/Scraptown | Learned 8 Research zone layouts 7208 | -9/Scraptown | Learned 16 Materials zone layouts 7208 | -9/Scraptown | Learned 16 Lower Caves zone layouts 7208 | -9/Scraptown | Learned 20 Lower Caves zone layouts 7208 | -9/Scraptown | Learned 12 Upper Caves zone layouts 7208 | -9/Scraptown | Learned 20 Upper Caves zone layouts 7208 | -9/Scraptown | Learned 20 Proximity Caves zone layouts 7208 | -9/Scraptown | Learned location of 1 exit from Lower Caves 7208 | -9/Scraptown | Learned location of 1 exit from Upper Caves 7208 | -9/Scraptown | Learned location of 2 exits from Upper Caves 7222 | -9/Scraptown | Found Deep Structural Scanner 7312 | -9/Scraptown | Discovered new exit (range 5) 7465 | -9/Scraptown | Guru changed UFD alias to "Boltforce" 7496 | -9/Scraptown | Build established: Mutant 7564 | -9/Scraptown | Warned about trapping Scraptown 7797 | -9/Scraptown | Core integrity fell below 50% 7797 | -9/Scraptown | Core integrity fell below 20% 7807 | -9/Scraptown | Found Thermal Lance 7827 | -9/Scraptown | Lost 4 allies 7882 | -9/Scraptown | System corruption cleaned by C-Scrubber 8213 | -9/Scraptown | Found DRS Beacon 8370 | -9/Scraptown | Build established: Hauler-Mutant 9486 | -9/Scraptown | Found Scrap Suit 9585 | -9/Scraptown | Met Optimus 9585 | -9/Scraptown | Accepted into 0bPrime 9663 | -9/Scraptown | Entered Factory 9663 | -6/Factory | Evolved 6 slots: Power x1, Propulsion x1, Utility x3, Weapon x1 9664 | -6/Factory | Identified exit to Lower Caves 9665 | -6/Factory | Loaded intel: 26 terminal locations 10276 | -6/Factory | Build established: Scavenger-Tank 10303 | -6/Factory | Loaded intel: 8 recycling unit locations 10431 | -6/Factory | Scrapoid reinforcements arrived 10540 | -6/Factory | Found Scrap Suit 10550 | -6/Factory | Lost 4 allies 10870 | -6/Factory | Repaired Mic. Nuclear Core 10946 | -6/Factory | Learned location of Protoforge (-2) 11396 | -6/Factory | Entered Lower Caves 11397 | -6/Lower Caves | Identified exit to Lower Caves 11518 | -6/Lower Caves | Entered an active Warlord outpost 11535 | -6/Lower Caves | Learned Extension emergency access door positions 11699 | -6/Lower Caves | Build established: Skirmisher 11769 | -6/Lower Caves | Attacked by a delusional Derelict stockpiling Unaware 12100 | -6/Lower Caves | Entered another Lower Caves area 12100 | -6/Lower Caves | Accompanied by 1 ally 12101 | -6/Lower Caves | Identified exit to Factory 12102 | -6/Lower Caves | Identified exit to Zion 12106 | -6/Lower Caves | Attracted the attention of an 0b10 base 12138 | -6/Lower Caves | Lost 3 allies 12172 | -6/Lower Caves | Destroyed 11 combat bots 12177 | -6/Lower Caves | Lost 3 parts (1p2w) 12182 | -6/Lower Caves | Learned Extension terminal intel 12182 | -6/Lower Caves | Learned Factory stockpile data 12182 | -6/Lower Caves | Learned Research emergency access door positions 12319 | -6/Lower Caves | Encountered a Warlord checkpoint 12539 | -6/Lower Caves | Entered a destroyed Warlord outpost 13051 | -6/Lower Caves | Entered Zion 13095 | -6/Zion | System corruption cleaned by Quarantine Array 13271 | -6/Zion | Discovered new exit (range 12) 13434 | -6/Zion | Build established: Scavenger-Skirmisher 13462 | -6/Zion | Received a hallucinogenic algorithm 13546 | -6/Zion | Acquired unknown access codes intercepted by a Zionite 13881 | -6/Zion | Learned location of 1 exit from Factory 13932 | -6/Zion | Gained Derelict followers 13983 | -6/Zion | Gained Derelict followers 14141 | -6/Zion | Found Prototype Device 14141 | -6/Zion | Identified Bomb Factory No. 2 14430 | -6/Zion | Build established: Scavenger-Gunner 14501 | -6/Zion | Turned away by Imprinter 15338 | -6/Zion | Build established: Scavenger-Scrapper 15377 | -6/Zion | Opened final containment barrier to the Deep Caves 15396 | -6/Zion | Discovered new exit (range 3) 15396 | -6/Zion | Saw the warning signs outside the Deep Caves entrance 15412 | -6/Zion | Entered Deep Caves 15412 | -6/Deep Caves | Accompanied by 5 allies 15802 | -6/Deep Caves | Attacked by Z-Imprinter 15809 | -6/Deep Caves | Allies destroyed Z-Imprinter 16179 | -6/Deep Caves | Z-Facility disabled 16235 | -6/Deep Caves | Lost 3 parts (2u1w) 16286 | -6/Deep Caves | Found Prototype Protection 16286 | -6/Deep Caves | Identified Zio. Weapon Casing 16329 | -6/Deep Caves | Found Prototype Protection 16555 | -6/Deep Caves | Build established: Scavenger-Tank 16697 | -6/Deep Caves | Discovered new exit (range 6) 16873 | -6/Deep Caves | Spotted AG-38033 16921 | -6/Deep Caves | Destroyed AG-38033 17089 | -6/Deep Caves | Found Prototype Protection 17089 | -6/Deep Caves | Identified Zio. Heavy Carapace (x2) 17108 | -6/Deep Caves | Found Zio. Weapon Casing 17525 | -6/Deep Caves | Found Zio. Weapon Casing 17620 | -6/Deep Caves | Spotted AG-73890 17623 | -6/Deep Caves | Core integrity fell below 50% 17645 | -6/Deep Caves | Destroyed AG-73890 17813 | -6/Deep Caves | Triggered Deep Caves wall 17813 | -6/Deep Caves | Spotted AS-14975 17823 | -6/Deep Caves | Spotted AS-83772 17827 | -6/Deep Caves | Destroyed AS-14975 17837 | -6/Deep Caves | Destroyed AS-83772 17845 | -6/Deep Caves | Destroyed 33 combat bots 17880 | -6/Deep Caves | Lost 5 parts (1p2n1u1w) 18116 | -6/Deep Caves | Build established: Scavenger-Mutant 18160 | -6/Deep Caves | Found Prototype Special Weapon 18160 | -6/Deep Caves | Identified Field Lobotomy Kit 18166 | -6/Deep Caves | Exposed GOLEM chamber 18170 | -6/Deep Caves | Found GOLEM Unit 18917 | -6/Deep Caves | Build established: Golem 19287 | -6/Deep Caves | Found GOLEM Unit 19298 | -6/Deep Caves | Found GOLEM Unit 19649 | -6/Deep Caves | Entered Proximity Caves 19649 | -5/Proximity Caves | Accompanied by 1 ally 20098 | -5/Proximity Caves | Attracted the attention of an 0b10 outpost 20168 | -5/Proximity Caves | Destroyed 7 combat bots 20237 | -5/Proximity Caves | Learned Factory stockpile data 20563 | -5/Proximity Caves | Spotted B-75 Beast 20670 | -5/Proximity Caves | Discovered exit to Factory (range 6) 21148 | -5/Proximity Caves | Entered Factory 21148 | -5/Factory | Evolved 2 slots: Utility x2 21149 | -5/Factory | Identified exit to Upper Caves 21150 | -5/Factory | Identified exit to Extension 21545 | -5/Factory | Loaded intel: 8 recycling unit locations 21679 | -5/Factory | Fabricated Linear Accelerator (x2) 21719 | -5/Factory | Discovered new exit (range 10) 21812 | -5/Factory | Repaired Huge Storage Unit 21948 | -5/Factory | Repaired IFF Parser 22112 | -5/Factory | Garrison activated, responded to threat 22580 | -5/Factory | Cargo convoy interrupted 22599 | -5/Factory | Entered Extension 22601 | -5/Extension | Loaded intel: 15 terminal locations 23004 | -5/Extension | Rescued a captive Derelict 23005 | -5/Extension | Rescued a captive Derelict 23079 | -5/Extension | Rescued a captive Derelict 23082 | -5/Extension | Build established: Commander-Golem 23092 | -5/Extension | Rescued a captive Derelict 23141 | -5/Extension | Rescued a captive Derelict 23142 | -5/Extension | Rescued a captive Derelict 23163 | -5/Extension | Rescued a captive Derelict 23185 | -5/Extension | Rescued a captive Derelict 23187 | -5/Extension | Rescued a captive Derelict 23593 | -5/Extension | Spotted B-75 Beast 23604 | -5/Extension | Spotted B-75 Beast 23608 | -5/Extension | Allies destroyed B-75 Beast 23623 | -5/Extension | Destroyed B-75 Beast 23658 | -5/Extension | Lost 8 allies 23908 | -5/Extension | Rescued A7 23993 | -5/Extension | Rescued a captive Derelict 23995 | -5/Extension | Rescued a captive Derelict 24099 | -5/Extension | First assault squad dispatched 24249 | -5/Extension | Lost 6 allies 24324 | -5/Extension | Rescued a captive Derelict 24325 | -5/Extension | Rescued a captive Derelict 24419 | -5/Extension | Rescued a captive Derelict 24421 | -5/Extension | Rescued a captive Derelict 24458 | -5/Extension | Discovered new exit (range 10) 24460 | -5/Extension | Discovered new exit (range 6) 24538 | -5/Extension | Entered Cetus 24538 | -5/Cetus | Accompanied by 20 allies (A7) 24543 | -5/Cetus | Acquired a Cetus Manufacturing Module code from A7 24583 | -5/Cetus | Spotted Cetus Guard 24583 | -5/Cetus | Spotted Cetus Guard 24586 | -5/Cetus | Spotted Cetus Guard 24589 | -5/Cetus | Destroyed Cetus Guard 24590 | -5/Cetus | Spotted Cetus Guard 24600 | -5/Cetus | Destroyed Cetus Guard 24603 | -5/Cetus | Allies destroyed Cetus Guard 24611 | -5/Cetus | Destroyed Cetus Guard 24637 | -5/Cetus | Lost 3 allies 24706 | -5/Cetus | Started Cetus Manufacturing Module 24724 | -5/Cetus | Escorted A7 to Cetus Mainframe 24731 | -5/Cetus | Manufactured an Enhanced Grunt 24744 | -5/Cetus | Discovered new exit (range 15) 24756 | -5/Cetus | Manufactured an Enhanced Grunt 24772 | -5/Cetus | Spotted Cetus Guard 24773 | -5/Cetus | Spotted Cetus Guard 24775 | -5/Cetus | Spotted Cetus Guard 24775 | -5/Cetus | Spotted Cetus Guard 24781 | -5/Cetus | Manufactured an Enhanced Grunt 24795 | -5/Cetus | Allies destroyed Cetus Guard 24799 | -5/Cetus | Destroyed Cetus Guard 24806 | -5/Cetus | Manufactured an Enhanced Grunt 24806 | -5/Cetus | Destroyed Cetus Guard 24806 | -5/Cetus | Allies destroyed Cetus Guard 24812 | -5/Cetus | Discovered new exit (range 16) 24826 | -5/Cetus | Met Revision 17 24831 | -5/Cetus | Manufactured an Enhanced Grunt 24834 | -5/Cetus | Lost 6 allies 24926 | -5/Cetus | Murdered A7 24927 | -5/Cetus | Extracted ID and sensor layout for unrecognized location from A7's data core 24989 | -5/Cetus | Build established: Commander-Tank 25008 | -5/Cetus | Entered Archives 25008 | -5/Archives | Accompanied by 15 allies 25069 | -5/Archives | Lost 6 allies 25070 | -5/Archives | Discovered new exit (range 16) 25174 | -5/Archives | Discovered new exit (range 15) 28452 | -5/Archives | Entered Hub_04(d) 28452 | -5/Hub_04(d) | Accompanied by 9 allies 28488 | -5/Hub_04(d) | Garrison activated, responded to threat 28499 | -5/Hub_04(d) | Garrison activated, responded to threat 28680 | -5/Hub_04(d) | Discovered new exit (range 15) 28732 | -5/Hub_04(d) | Garrison activated, responded to threat 28752 | -5/Hub_04(d) | First assault squad dispatched 28794 | -5/Hub_04(d) | Network Hub disabled 28794 | -5/Hub_04(d) | Network Hub disabled 28820 | -5/Hub_04(d) | Entered Factory 28820 | -4/Factory | Evolved 2 slots: Power x1, Utility x1 28821 | -4/Factory | Identified exit to Research 28866 | -4/Factory | Discovered new exit (range 15) 28990 | -4/Factory | Found Quantum Capacitor 29084 | -4/Factory | Scraphulk reinforcements arrived? 29142 | -4/Factory | Identified exit to Upper Caves 29142 | -4/Factory | Identified exit to Armory 29150 | -4/Factory | Loaded intel: 7 recycling unit locations 29290 | -4/Factory | Build established: Scavenger-Tank 29711 | -4/Factory | Repaired Exp. Heat Sink 29820 | -4/Factory | First assault squad dispatched 30002 | -4/Factory | Scraphulk reinforcements arrived? 30307 | -4/Factory | Scraphulk reinforcements arrived? 30414 | -4/Factory | High security lockdown imminent 30441 | -4/Factory | Lost 4 parts (3p1u) 30442 | -4/Factory | Found Scrap Suit 30476 | -4/Factory | Found Scrap Suit 30494 | -4/Factory | High security lockdown engaged 30506 | -4/Factory | Spotted B-86 Titan 30524 | -4/Factory | Entered Research 30524 | -3/Research | Evolved 2 slots: Propulsion x1, Utility x1 30525 | -3/Research | Identified exit to Research 30527 | -3/Research | Loaded intel: 57 trap records 30529 | -3/Research | Loaded intel: 86 non-interactive machine locations 30545 | -3/Research | Lost 8 parts (3p3u2w) 30689 | -3/Research | Build established: Scavenger-Mutant 30724 | -3/Research | Revision forces began assault on 0b10 30742 | -3/Research | Met up with Revision 17++ 31204 | -3/Research | Build established: Scavenger-Golem 31224 | -3/Research | Research terminal network offline 31241 | -3/Research | Discovered exit to Research (range 14) 31701 | -3/Research | Discovered new exit (range 4) 31705 | -3/Research | Entered Quarantine 31909 | -3/Quarantine | Found Alien Slashing Weapon 31909 | -3/Quarantine | Identified Sigix Broadsword 32140 | -3/Quarantine | Found Prototype Launcher 32140 | -3/Quarantine | Identified Hellfire Missile Launcher 32145 | -3/Quarantine | Found Hellfire Missile Launcher 32294 | -3/Quarantine | Lost 3 parts (1n2u) 32455 | -3/Quarantine | First assault squad dispatched 32565 | -3/Quarantine | Discovered exit to Research (range 4) 32582 | -3/Quarantine | Build established: Scavenger-Mutant 32678 | -3/Quarantine | Entered Research 32678 | -2/Research | Evolved 2 slots: Propulsion x1, Utility x1 32760 | -2/Research | Discovered new exit (range 11) 32834 | -2/Research | Identified exit to Access 33023 | -2/Research | Entered Access 33023 | -1/Access | Evolved 2 slots: Utility x2 33372 | -1/Access | Build established: Scavenger-Assassin 34137 | -1/Access | Spotted B-99 Colossus 34141 | -1/Access | Assimilated B-99 Colossus with FLK Orb 34199 | -1/Access | Destroyed 7 combat bots 34273 | -1/Access | First assault squad dispatched 34474 | -1/Access | Destroyed 8 combat bots 34478 | -1/Access | Build established: Scavenger-Mutant 34492 | -1/Access | System corruption reached 10% 34964 | -1/Access | Lost 6 parts (1n4u1w) 35168 | -1/Access | Garrison activated, responded to threat 35255 | -1/Access | Destroyed 9 combat bots 35345 | -1/Access | Spotted B-99 Colossus 35350 | -1/Access | Assimilated B-99 Colossus with FLK Orb 35435 | -1/Access | Found Prototype Ballistic Gun 35435 | -1/Access | Identified Multirail 35468 | -1/Access | Garrison activated, responded to threat 35491 | -1/Access | High security lockdown imminent 35571 | -1/Access | High security lockdown engaged 35611 | -1/Access | Spotted B-99 Colossus 35615 | -1/Access | Assimilated B-99 Colossus with FLK Orb 35620 | -1/Access | Spotted B-99 Colossus 35621 | -1/Access | Assimilated B-99 Colossus with FLK Orb 35634 | -1/Access | Build established: Scavenger-Golem 35656 | -1/Access | Discovered new exit (range 4) 35663 | -1/Access | Spotted Executioner 35667 | -1/Access | Allies destroyed Executioner 35669 | -1/Access | Spotted Executioner 35792 | -1/Access | Found Prototype Processor 35792 | -1/Access | Identified Exp. Targeting Computer 35831 | -1/Access | Spotted Investigator 35833 | -1/Access | Destroyed Investigator 35833 | -1/Access | Spotted Striker 35833 | -1/Access | Spotted Executioner 35847 | -1/Access | Destroyed Executioner 35861 | -1/Access | Allies destroyed Striker 35868 | -1/Access | Destroyed 11 combat bots 35889 | *** | Escaped! Last Messages --------------- 35855_ U-05 Engineer builds a Wall. 35856_ &XVS/QXYCMB6N/VLTG <>IIF74ZJE6,99 35856_ Slug penetrates Striker. 35856_ Slug penetrates Earth. 35856_ Slug penetrates Striker. 35857_ Colossus 10d activates siege mode. 35859_ The unstable cave ceiling collapses. 35860_ U-05 Engineer builds a Wall. 35861_ Striker knocked back. 35861_ Striker destroyed. 35861_ Slug penetrates Earth. 35862_ Colossus 10d destroyed. 35862_ Slug penetrates Hyperwave Decoder. 35862_ Slug penetrates G-73 Enforcer. 35862_ Slug penetrates Wall. 35862_ Colossus 10c destroyed. 35864_ M-36 Artificer destroyed. 35864_ U-05 Engineer destroyed. 35868_ The unstable cave ceiling collapses. 35872_ System corrupted: Substantial component data lost. Map ----- +----------------------------------------------------+ | ??????????? # """" ! % ##? | | ???????????? # !] %*!! ### | | ?????????????""""" # "*% % =[ % % ##? | | ???????????? """""" " =%%% ! % % ### | | ???????????? """""" " ==*!=% !/ ## ""##### | | ?????????# """"" " %%[%[**[*%# # ##?## ###?? | | ?????????# """""" " !%%=!!%%%= #?##?### | | ?????????# " ""!###### ## | | ?????????# " " ##?###### ?? ? ? ? | | ?????????############## """######### ? ? ? ? | | ?????????????####### ######### ?? ? ? | | ?????????????#??####% % #########? ??? ?? | | ??????????????###?## #?####### ???? ????? | | ?????????????###?### #########?"?? ????? | | ????????????##?###?# #?#?#####?????????? | | ????????????######?# #####??## ?????????? | | ????????????#???#### ######### ????????? | | ?????????????#?###?#""""" """"#?#??#### ?????????? | | ???????????#????####"?"?"" ""?#####??#? ?????????? | | ????????????##?##??#""""""" "?###??###???????????? | | ?????????????###??##"""""" """#####??#??#????????? | | ????????????######?# #####??#?#?????????? | | ??????????????####?# """ "" ##?###?#???????????? | | ?????????????###?##???" " ###?##????#????????? | | ???????????????#??## " "" " ##?##?##???????????? | | ???????????????#??#?? " "@ " ?###?#?###??????????? | | ????????????#??#???? " "? #?# ? ???????????? | | ??????????????????##? """""" ????? ?????????????? | | ?????????????????##??? ???#?? ??????????????? | | ???????????????????? ???? #??????????????????? | | ???????????????????"?"???"????"????"?????????????? | | ???????????????????????? ?? ??#??????????????????? | | ????????????????????"? ???? ????????????????????? | | ???????????????????????????? ????????????????????? | | ??????????????????????????? ?????????????????????? | | ?????????????????????????????????????????????????? | | ?????????????????????????????????????????????????? | | ?????????????????????????????????????????????????? | | ?????????????????????????????????????????????????? | | ?????????????????????????????????????????????????? | | ?????????????????????????????????????????????????? | | ?????????????????????????????????????????????????? | | ?????????????????????????????????????????????????? | | ?????????????????????????????????????????????????? | | ?????????????????????????????????????????????????? | | ?????????????????????????????????????????????????? | | ?????????????????????????????????????????????????? | | ?????????????????????????????????????????????????? | | ?????????????????????????????????????????????????? | | ?????????????????????????????????????????????????? | +----------------------------------------------------+ Best States ------------- Heat Dissipation 135 Energy Generation 67 Energy Capacity 2065 Matter Stores 300 Matter Capacity 300 Sight Range 23 Robot Scan Range 16 Terrain Scan Range 14 Terrain Scan Density 210 Jamming Range 14 Power Amplification 20 Additional Mass Support 20 Base Temperature (-) 200 Armor Coverage 1200 Resistance: KI 15 Resistance: TH 15 Resistance: EX 15 Resistance: EM 25 Resistance: I 15 Resistance: S 15 Resistance: P 15 Weapon Shielding 100 Phase Shifting 8 Evasion (%) 78 Targeting Accuracy 20 Core Analysis 8 Recoil Reduction 4 Energy Filtering 50 Salvage Targeting 3 Offensive Hacking 24 Defensive Hacking 12 Authchip Count 1 Trap Extractor Capacity 6 Item Schematics ----------------- Hcp. Storage Unit | -10/Materials | Hacked Huge Storage Unit | -10/Materials | Hacked Sub. Optics | -9/Materials | Scanalyzed Plasma Cutter | -9/Storage | Hacked Angular Momentum Engine | -6/Zion | Archive Wave Gun | -6/Zion | Archive Remote Force Field | -6/Zion | Archive Hvy. Flak Cannon | -6/Zion | Archive Imp. Component Analysis Suite | -6/Zion | Archive Arm. Leg | -6/Zion | Archive HERF Cannon | -6/Zion | Archive Arm. Medium Treads | -6/Zion | Archive Drone Bay | -6/Zion | Archive Adv. Recoil Stabilizer | -6/Zion | Archive Lgt. Angular Momentum Engine | -6/Zion | Archive Hvy. Phase Cannon | -6/Zion | Archive Adv. Signal Interpreter | -6/Zion | Archive Imp. System Guard | -6/Zion | Archive Hvy. Mass Driver | -6/Zion | Archive Robot Schematics ------------------ L-31 Rogue | -9/Recycling | Hacked B-48 Gladiator | -6/Zion | Archive T-07 Excavator | -6/Zion | Archive H-66 Slayer | -6/Zion | Archive Fabricated ------------ Linear Accelerator | x2 | -5/Factory | Preloaded Repaired ---------- Cld. Ion Engine | 60% | -9/Storage Mic. Nuclear Core | 8% | -6/Factory Huge Storage Unit | 38% | -5/Factory IFF Parser | 7% | -5/Factory Exp. Heat Sink | 5% | -4/Factory Alien Tech Used ----------------- Sigix Broadsword Achievements -------------- None Challenges ------------ None Game ------ Seed DerelictShiftCyclogen Manual? 0 Play Time 06:14:47 Cumulative 570.6 hours Start 2025.07.23 @ 14:06:50 End 2025.08.05 @ 11:58:03 Sessions 16 Manual Loads 0 Difficulty Rogue Special Mode None Game No. 325 Rogue 300 Adventurer 7 Explorer 18 Win Type 0 Total 46 Types 29/0/8/2/0/1/1/3/0/2 Lore% 94 Gallery% 91 Achievement% 81 Wizard Run 0 Options --------- Layout 0 ASCII 0 Keyboard 0 Movement Numpad Keybinds 0 Fullscreen 1 Font 12/Smallcaps Map View 83x54 Zoom Use 0% Tactical HUD 1 Map Filters NONE Filters NONE Steam 1 RUN: 9bf418ab-0104-4a66-9b02-6e106df4e36a